Description

2 base double Warp Prism drop by Creator in 2020 GSL S3 Code S RO24 Group B

VOD

https://youtu.be/n9QDcNRuqDg?t=7039

Build Order

Why is there no SALT encoding or Overwolf build?

  14  0:20  Pylon  
  16  0:30  Scout  
  16  0:38  Gateway  
  17  0:52  Pylon  Proxy
  18  1:09  Gateway  Proxy
  19  1:13  Assimilator  
  20  1:27  Cybernetics Core  
  20  1:33  Assimilator  
  22  1:46  Pylon  
  23  2:03  Adept x2  
  28  2:07  Warp Gate  
  28  2:25  Adept  
  30  2:32  Templar Archives  Proxy
  30  2:50  Nexus  
  30  3:00  Stalker  
  33  3:12  Dark Shrine  Proxy
    3:20  Action  Attack - 3 Adepts
  37  3:55  Robotics Facility  
  53  4:42  Action  DT hit
  51  4:35  Warp Prism  
  70  6:40  Action  Double Prism, double archon zealot drop
Spawning Tool Build Advisor. Get it on Overwolf

Go to:

Details

  • Created by: Khaospenguin
  • Published on: Sep 05, 2020
  • Modified on: Sep 05, 2020
  • Patch: 4.11.0
  • Difficulty: Medium
Show

Export as new Build Order

Comments (0)

There are no comments. Be the first!

Create an account to comment!